AoeStats
← SaulSarro

Pilgrims

509493948Analyzed
4v4 RM · 4d ago on Sep 27, 2026· 30m 18s· 8 players
Game mode
Random Map
Map size
Large (8 player)
Population
200
Speed
Normal
Resources
Standard
Victory
Conquest
Starting age
Dark Age
Ending age
Imperial Age
RankedLock teamsTeams togetherTeam positionsShared explorationLock speedFull tech treeHidden civsTurbo modeCheats
Victory
Defeat
🇲🇽 Varangians · Mexico
1135
+10
🇨🇱 Persians · Chile
981
+16
🇨🇴 Shu · Colombia
913
+18
🇨🇱 Franks · Chile
862
+19
🇬🇧 Persians · United Kingdom
1000
-51
🇺🇸 Sicilians · United States
968
-19
🇧🇾 Armenians · Belarus
957
-15
🇲🇽 Malay · Mexico
956
-15
Dad
8:42 Loom
11:58 Feudal Age
14:10 Double-Bit Axe
20:16 Forging
23:10 Wheelbarrow
SaulSarro
3:52 Loom
11:46 Feudal Age
11:37 Stone Mining
11:38 Gold Mining
11:35 Fishing Lines
11:23 Man-at-Arms
11:52 Arson
13:26 Double-Bit Axe
15:04 Horse Collar
15:38 Town Watch
16:48 Forging
24:14 Castle Age
BlueJammyDodger
Unfi
4:00 Loom
12:44 Feudal Age
13:41 Arson
13:46 Town Watch
13:40 Man-at-Arms
15:24 Double-Bit Axe
20:16 Castle Age
18:31 Horse Collar
19:20 Fishing Lines
20:32 Fletching
21:47 Wheelbarrow
22:04 Heavy Plow
25:15 Gillnets
26:06 Bodkin Arrow
27:08 Stone Mining
27:57 Gold Mining
Baxmetal
13:27 Loom
15:13 Feudal Age
19:29 Man-at-Arms
29:12 Castle Age
wowmiqui
15:55 Feudal Age
17:01 Double-Bit Axe
17:16 Loom
23:21 Wheelbarrow
25:23 Castle Age
25:05 Wheelbarrow
24:49 Forging
24:45 Scale Barding Armor
24:54 Gold Mining
26:28 Husbandry
DgoUSA
14:33 Feudal Age
24:15 Castle Age
BeuN AZRAEL
12:01 Loom
15:15 Feudal Age
17:16 Double-Bit Axe
20:14 Castle Age
18:10 Fishing Lines
21:34 Forging
21:45 Medium Warships
22:12 Bow Saw
23:57 Fletching
26:18 Iron Casting
27:27 Bodkin Arrow
Connection lost

Rejoining the realm…

Still unreachable

The connection could not be restored.

Session expired

The server has moved on; the page needs a fresh start.